TOP OF THE 1ST |
Dunedin Rangers batting - Pitching for Tampa Twisters : LHP Andrew Ortiz
|
Pitching: LHP Andrew Ortiz
|
|
Batting: RHB Jacob Brumfield
|
0-0: Ball 1-0: Foul Ball, location: 2F 1-1: Swinging Strike 1-2: Foul Ball, location: 2F 1-2: Foul Ball, location: 2F 1-2: Ball 2-2: Strikes out swinging
|
Batting: LHB Mike L Hart
|
0-0: Ball 1-0: Swinging Strike 1-1: Ball 2-1: Swinging Strike 2-2: Strikes out swinging
|
Batting: LHB La Schelle Tarver
|
0-0: Foul Ball, location: 2F 0-1: Called Strike 0-2: Foul Ball, location: 2F 0-2: Foul Ball, location: 2F 0-2: Foul Ball, location: 2F 0-2: Ball 1-2: Ground out U3 (Groundball, 3, EV 105.0 MPH)
|
Top of the 1st over - 0 runs, 0 hits, 0 errors, 0 left on base; Dunedin 0 - Tampa 0 |
BOTTOM OF THE 1ST |
Tampa Twisters batting - Pitching for Dunedin Rangers : RHP Ron Darling
|
Pitching: RHP Ron Darling
|
|
Batting: RHB John Hotchkiss
|
0-0: Ball 1-0: Ball 2-0: Foul Ball, location: 2F 2-1: Ground out 4-3 (Groundball, 4, EV 108.8 MPH)
|
Batting: RHB Jim Olander
|
0-0: Ball 1-0: Ball 2-0: Ball 3-0: Base on Balls
|
Batting: LHB Jordan Berge
|
0-0: Ball 1-0: Ball 2-0: Called Strike 2-1: Ball 3-1: Grounds into double play, 4-6-3 (Groundball, 4, EV 102.5 MPH)
|
Bottom of the 1st over - 0 runs, 0 hits, 0 errors, 0 left on base; Dunedin 0 - Tampa 0 |
TOP OF THE 2ND |
Dunedin Rangers batting - Pitching for Tampa Twisters : LHP Andrew Ortiz
|
Batting: RHB Glenn Wilson
|
0-0: Fly out, F8 (Flyball, 8LM, EV 73.1 MPH)
|
Batting: LHB Ty Van Burkleo
|
0-0: Ball 1-0: Swinging Strike 1-1: Called Strike 1-2: Ball 2-2: Ball 3-2: Base on Balls
|
Batting: RHB John Gibbons
|
0-0: Ball 1-0: Ball 2-0: Ball 3-0: Called Strike 3-1: Base on Balls Ty Van Burkleo to second
|
Batting: RHB Edgar Martinez
|
0-0: Ball 1-0: Swinging Strike 1-1: Ball 2-1: Swinging Strike 2-2: SINGLE (Line Drive, 5D, EV 104.4 MPH) Ty Van Burkleo to third John Gibbons to second Runner from 3rd tries for Home, SAFE, throw by LF to home
|
Batting: RHB Mike Taylor
|
0-0: Ball 1-0: Fly out, F7 (Line Drive, 7, EV 101.9 MPH)
|
Batting: RHB Ron Gant
|
0-0: Called Strike 0-1: Fly out, F9 (Flyball, 9, EV 86.9 MPH)
|
Top of the 2nd over - 1 run, 1 hit, 0 errors, 2 left on base; Dunedin 1 - Tampa 0 |
BOTTOM OF THE 2ND |
Tampa Twisters batting - Pitching for Dunedin Rangers : RHP Ron Darling
|
Batting: LHB Jose Tolentino
|
0-0: Ball 1-0: Fly out, F9 (Line Drive, 9D, EV 91.3 MPH)
|
Batting: LHB John Randolph
|
0-0: Called Strike 0-1: Ball 1-1: Swinging Strike 1-2: Ground out 4-3 (Groundball, 4, EV 98.1 MPH)
|
Batting: SHB Jack Daugherty
|
0-0: Ball 1-0: Ground out 1-3 (Groundball, 13S, EV 73.1 MPH)
|
Bottom of the 2nd over - 0 runs, 0 hits, 0 errors, 0 left on base; Dunedin 1 - Tampa 0 |
TOP OF THE 3RD |
Dunedin Rangers batting - Pitching for Tampa Twisters : LHP Andrew Ortiz
|
Batting: RHB Jacob Brumfield
|
0-0: Swinging Strike 0-1: Ball 1-1: Ground out 5-3 (Groundball, 56S, EV 82.5 MPH)
|
Batting: LHB Mike L Hart
|
0-0: SOLO HOME RUN (Flyball, 8LXD, EV 101.9 MPH), Distance : 436 ft
|
Batting: LHB La Schelle Tarver
|
0-0: Ball 1-0: Ground out 6-3 (Groundball, 6, EV 78.1 MPH)
|
Batting: RHB Glenn Wilson
|
0-0: Called Strike 0-1: Fly out, F7 (Flyball, 78D, EV 98.8 MPH)
|
Top of the 3rd over - 1 run, 1 hit, 0 errors, 0 left on base; Dunedin 2 - Tampa 0 |
BOTTOM OF THE 3RD |
Tampa Twisters batting - Pitching for Dunedin Rangers : RHP Ron Darling
|
Batting: RHB Benito Santiago
|
0-0: Called Strike 0-1: Swinging Strike 0-2: Foul Ball, location: 2F 0-2: Ball 1-2: Fly out, F7 (Flyball, 7S, EV 88.8 MPH)
|
Batting: LHB Alex Castaneda
|
0-0: DOUBLE (Line Drive, 7LS, EV 108.1 MPH)
|
Batting: RHB Jeffrey Neuzil
|
0-0: Ball 1-0: Ball Wild Pitch! Alex Castaneda to third 2-0: Called Strike 2-1: Fly out, F4 (Popup, 4MD, EV 66.3 MPH)
|
Batting: RHB John Hotchkiss
|
0-0: Ball 1-0: Called Strike 1-1: Called Strike 1-2: Reached on error, E5 (Groundball, 56, EV 81.9 MPH) Alex Castaneda scores
|
Batting: RHB Jim Olander
|
0-0: Ground out 4-3 (Groundball, 34, EV 100.0 MPH)
|
Bottom of the 3rd over - 1 run, 1 hit, 1 error, 1 left on base; Dunedin 2 - Tampa 1 |
TOP OF THE 4TH |
Dunedin Rangers batting - Pitching for Tampa Twisters : LHP Andrew Ortiz
|
Batting: LHB Ty Van Burkleo
|
0-0: Called Strike 0-1: Ball 1-1: Ground out 4-3 (Groundball, 4, EV 100.6 MPH)
|
Now at 2B: Scott Earl
|
|
Batting: RHB John Gibbons
|
0-0: Ball 1-0: Ball 2-0: Called Strike 2-1: Foul Ball, location: 2F 2-2: Strikes out swinging
|
Batting: RHB Edgar Martinez
|
0-0: Foul Ball, location: 2F 0-1: Called Strike 0-2: Ball 1-2: Foul Ball, location: 2F 1-2: Strikes out swinging
|
Top of the 4th over - 0 runs, 0 hits, 0 errors, 0 left on base; Dunedin 2 - Tampa 1 |
BOTTOM OF THE 4TH |
Tampa Twisters batting - Pitching for Dunedin Rangers : RHP Ron Darling
|
Batting: LHB Jordan Berge
|
0-0: Ball 1-0: Ball 2-0: Swinging Strike 2-1: Ground out 6-3 (Groundball, 6, EV 90.0 MPH)
|
Batting: LHB Jose Tolentino
|
0-0: Foul Ball, location: 2F 0-1: Ball 1-1: Swinging Strike 1-2: Ball 2-2: Strikes out looking
|
Batting: RHB Scott Earl
|
0-0: Ball 1-0: Called Strike 1-1: Foul Ball, location: 2F 1-2: Ball 2-2: Ground out 5-3 (Groundball, 15, EV 79.4 MPH)
|
Bottom of the 4th over - 0 runs, 0 hits, 0 errors, 0 left on base; Dunedin 2 - Tampa 1 |
TOP OF THE 5TH |
Dunedin Rangers batting - Pitching for Tampa Twisters : LHP Andrew Ortiz
|
Batting: RHB Mike Taylor
|
0-0: Called Strike 0-1: Ball 1-1: Swinging Strike 1-2: Ball 2-2: Ground out 5-3 (Groundball, 56S, EV 86.9 MPH)
|
Batting: RHB Ron Gant
|
0-0: Called Strike 0-1: Ball 1-1: Ball 2-1: Swinging Strike 2-2: SINGLE (Groundball, 5D, EV 102.5 MPH)
|
Batting: RHB Jacob Brumfield
|
0-0: Called Strike 0-1: Foul Ball, location: 2F 0-2: Ball 1-2: Ball 2-2: Fly out, F9 (Flyball, 9D, EV 90.6 MPH)
|
Batting: LHB Mike L Hart
|
0-0: Swinging Strike 0-1: Fielders Choice at 2nd, 6-4 (Groundball, 6, EV 98.8 MPH)
|
Top of the 5th over - 0 runs, 1 hit, 0 errors, 1 left on base; Dunedin 2 - Tampa 1 |
BOTTOM OF THE 5TH |
Tampa Twisters batting - Pitching for Dunedin Rangers : RHP Ron Darling
|
Batting: SHB Jack Daugherty
|
0-0: Ball 1-0: Ground out 5-3 (Groundball, 56, EV 78.8 MPH)
|
Batting: RHB Benito Santiago
|
0-0: Foul Ball, location: 2F 0-1: Called Strike 0-2: Foul Ball, location: 2F 0-2: Foul Ball, location: 2F 0-2: Strikes out swinging
|
Batting: LHB Alex Castaneda
|
0-0: Ball 1-0: Foul Ball, location: 2F 1-1: Foul Ball, location: 2F 1-2: Ball 2-2: Strikes out swinging
|
Bottom of the 5th over - 0 runs, 0 hits, 0 errors, 0 left on base; Dunedin 2 - Tampa 1 |
TOP OF THE 6TH |
Dunedin Rangers batting - Pitching for Tampa Twisters : LHP Andrew Ortiz
|
Batting: LHB La Schelle Tarver
|
0-0: Swinging Strike 0-1: Ball 1-1: SINGLE (Line Drive, 5D, EV 106.3 MPH)
|
Batting: RHB Glenn Wilson
|
0-0: Ball 1-0: Ball 2-0: Swinging Strike 2-1: Foul Ball, location: 2F 2-2: Strikes out swinging
|
Batting: LHB Ty Van Burkleo
|
0-0: Ball 1-0: Called Strike 1-1: Ball La Schelle Tarver steals 2nd base (no throw) 2-1: Called Strike La Schelle Tarver steals 3rd base 2-2: Ball 3-2: Foul Ball, location: 2F 3-2: SINGLE (Line Drive, 78M, EV 98.1 MPH) La Schelle Tarver scores
|
Batting: RHB John Gibbons
|
0-0: Called Strike 0-1: Foul Ball, location: 2F 0-2: Fly out, F9 (Flyball, 9LS, EV 81.3 MPH)
|
Batting: RHB Edgar Martinez
|
0-0: Foul Ball, location: 2F 0-1: Called Strike 0-2: Ball 1-2: Ball 2-2: DOUBLE (Line Drive, 7LS, EV 98.1 MPH) Ty Van Burkleo to third Ty Van Burkleo scores
|
Batting: RHB Mike Taylor
|
0-0: Intentional Walk
|
Pitching: RHP Hugh Kemp
|
|
Batting: RHB Ron Gant
|
0-0: Ball 1-0: Ball 2-0: Foul Ball, location: 2F 2-1: Swinging Strike 2-2: Fly out, F4 (Popup, 34S, EV 79.4 MPH)
|
Top of the 6th over - 2 runs, 3 hits, 0 errors, 2 left on base; Dunedin 4 - Tampa 1 |
BOTTOM OF THE 6TH |
Tampa Twisters batting - Pitching for Dunedin Rangers : RHP Ron Darling
|
Batting: RHB Jeffrey Neuzil
|
0-0: Ball 1-0: Ball 2-0: Called Strike 2-1: Ball 3-1: Ground out 4-3 (Groundball, 4S, EV 66.9 MPH)
|
Batting: RHB John Hotchkiss
|
0-0: Called Strike 0-1: Ball 1-1: Ball 2-1: Ball 3-1: Called Strike 3-2: Foul Ball, location: 2F 3-2: Foul Ball, location: 2F 3-2: Foul Ball, location: 2F 3-2: Base on Balls
|
Batting: RHB Jim Olander
|
0-0: Ball 1-0: Swinging Strike 1-1: Foul Ball, location: 2F 1-2: Ball 2-2: Strikes out swinging
|
Batting: LHB Jordan Berge
|
0-0: Called Strike 0-1: Ball 1-1: Ball 2-1: SINGLE (Line Drive, 78M, EV 91.3 MPH) John Hotchkiss to second
|
Batting: LHB Jose Tolentino
|
0-0: Foul Ball, location: 2F 0-1: 3-RUN HOME RUN (Line Drive, 78XD, EV 97.5 MPH), Distance : 443 ft
|
Batting: RHB Scott Earl
|
0-0: Ball 1-0: Ground out 5-3 (Groundball, 56S, EV 67.5 MPH)
|
Bottom of the 6th over - 3 runs, 2 hits, 0 errors, 0 left on base; Dunedin 4 - Tampa 4 |
TOP OF THE 7TH |
Dunedin Rangers batting - Pitching for Tampa Twisters : RHP Hugh Kemp
|
Batting: RHB Jacob Brumfield
|
0-0: Called Strike 0-1: Ball 1-1: Ball 2-1: Called Strike 2-2: Foul Ball, location: 2F 2-2: Ground out U3 (Groundball, 3S, EV 90.6 MPH)
|
Batting: LHB Mike L Hart
|
0-0: Foul Ball, location: 2F 0-1: Ball 1-1: Ball 2-1: Called Strike 2-2: Ground out 1-3 (Groundball, 15S, EV 68.8 MPH)
|
Batting: LHB La Schelle Tarver
|
0-0: Ball 1-0: Foul Ball, location: 2F 1-1: Ball 2-1: Foul Ball, location: 2F 2-2: Strikes out looking
|
Top of the 7th over - 0 runs, 0 hits, 0 errors, 0 left on base; Dunedin 4 - Tampa 4 |
BOTTOM OF THE 7TH |
Tampa Twisters batting - Pitching for Dunedin Rangers : RHP Ron Darling
|
Batting: SHB Jack Daugherty
|
0-0: Fly out, F9 (Flyball, 9D, EV 93.8 MPH)
|
Batting: RHB Benito Santiago
|
0-0: Foul Ball, location: 2F 0-1: SINGLE (Groundball, P, EV 87.5 MPH) (infield hit)
|
Batting: LHB Alex Castaneda
|
0-0: Called Strike 0-1: Fly out, F7 (Flyball, 7LS, EV 91.3 MPH)
|
Batting: RHB Jeffrey Neuzil
|
0-0: Swinging Strike 0-1: Ball 1-1: Swinging Strike 1-2: Strikes out swinging
|
Bottom of the 7th over - 0 runs, 1 hit, 0 errors, 1 left on base; Dunedin 4 - Tampa 4 |
TOP OF THE 8TH |
Dunedin Rangers batting - Pitching for Tampa Twisters : RHP Hugh Kemp
|
Batting: RHB Glenn Wilson
|
0-0: Fly out, F2 (Popup, 25F, EV 90.6 MPH)
|
Batting: LHB Ty Van Burkleo
|
0-0: Ball 1-0: Ball 2-0: Called Strike 2-1: Foul Ball, location: 2F 2-2: Fly out, F2 (Popup, 2L, EV 95.6 MPH)
|
Batting: RHB John Gibbons
|
0-0: Ball 1-0: Called Strike 1-1: Ball 2-1: Foul Ball, location: 2F 2-2: Fly out, F7 (Flyball, 78D, EV 83.8 MPH)
|
Top of the 8th over - 0 runs, 0 hits, 0 errors, 0 left on base; Dunedin 4 - Tampa 4 |
BOTTOM OF THE 8TH |
Tampa Twisters batting - Pitching for Dunedin Rangers : RHP Ron Darling
|
Batting: RHB John Hotchkiss
|
0-0: Ball 1-0: Swinging Strike 1-1: Ball 2-1: Swinging Strike 2-2: Ball 3-2: Strikes out looking
|
Batting: RHB Jim Olander
|
0-0: Ball 1-0: Ball 2-0: Ball 3-0: Base on Balls
|
Batting: LHB Jordan Berge
|
0-0: Ball 1-0: Ball Passed Ball! Jim Olander to second 2-0: Swinging Strike 2-1: Ground out 4-3 (Groundball, 4, EV 97.5 MPH) Jim Olander to third
|
Batting: LHB Jose Tolentino
|
0-0: Called Strike 0-1: Swinging Strike 0-2: Ball 1-2: Ball 2-2: Ground out 6-3 (Groundball, 6MD, EV 104.4 MPH)
|
Bottom of the 8th over - 0 runs, 0 hits, 0 errors, 1 left on base; Dunedin 4 - Tampa 4 |
TOP OF THE 9TH |
Dunedin Rangers batting - Pitching for Tampa Twisters : RHP Hugh Kemp
|
Pitching: RHP Dave Harman
|
|
Batting: RHB Edgar Martinez
|
0-0: Fly out, F8 (Flyball, 78D, EV 95.0 MPH)
|
Pinch Hitting: LHB David Thielker
|
0-0: Called Strike 0-1: Called Strike 0-2: Ball 1-2: Fly out, F8 (Flyball, 8RXD, EV 92.5 MPH)
|
Pinch Hitting: SHB Bryan Little
|
0-0: Ball 1-0: Foul Ball, location: 2F 1-1: Ball 2-1: Ground out 1-3 (Groundball, 13S, EV 71.9 MPH)
|
Top of the 9th over - 0 runs, 0 hits, 0 errors, 0 left on base; Dunedin 4 - Tampa 4 |
BOTTOM OF THE 9TH |
Tampa Twisters batting - Pitching for Dunedin Rangers : RHP Ron Darling
|
Pitching: RHP Juan Gonzalez
|
|
Now at SS: Bryan Little
|
|
Now in RF: David Thielker
|
|
Batting: RHB Scott Earl
|
0-0: Ball 1-0: Swinging Strike 1-1: Ball 2-1: Ball 3-1: SINGLE (Flyball, 78S, EV 85.0 MPH)
|
Batting: SHB Jack Daugherty
|
0-0: Called Strike 0-1: Called Strike 0-2: Ball 1-2: Foul Ball, location: 2F 1-2: Fly out, F8 (Flyball, 89M, EV 88.1 MPH)
|
Batting: RHB Benito Santiago
|
0-0: Called Strike 0-1: Called Strike 0-2: Grounds into double play, 6-4-3 (Groundball, 6, EV 100.0 MPH)
|
Bottom of the 9th over - 0 runs, 1 hit, 0 errors, 0 left on base; Dunedin 4 - Tampa 4 |
TOP OF THE 10TH |
Dunedin Rangers batting - Pitching for Tampa Twisters : RHP Dave Harman
|
Batting: RHB Jacob Brumfield
|
0-0: Called Strike 0-1: Ball 1-1: Called Strike 1-2: Foul Ball, location: 2F 1-2: Foul Ball, location: 2F 1-2: Ball 2-2: Strikes out swinging
|
Batting: LHB Mike L Hart
|
0-0: Foul Ball, location: 2F 0-1: Ball 1-1: Swinging Strike 1-2: Strikes out swinging
|
Batting: LHB La Schelle Tarver
|
0-0: Called Strike 0-1: Ground out 6-3 (Groundball, 6M, EV 92.5 MPH)
|
Top of the 10th over - 0 runs, 0 hits, 0 errors, 0 left on base; Dunedin 4 - Tampa 4 |
BOTTOM OF THE 10TH |
Tampa Twisters batting - Pitching for Dunedin Rangers : RHP Juan Gonzalez
|
Batting: LHB Alex Castaneda
|
0-0: Ball 1-0: Ball 2-0: Ball 3-0: Called Strike 3-1: Ground out 2-3 (Groundball, 2L, EV 70.6 MPH)
|
Pinch Hitting: RHB Basil Tennell
|
0-0: Swinging Strike 0-1: Ground out 6-3 (Groundball, 6, EV 96.3 MPH)
|
Batting: RHB John Hotchkiss
|
0-0: Foul Ball, location: 2F 0-1: Called Strike 0-2: Ball 1-2: Strikes out swinging
|
Bottom of the 10th over - 0 runs, 0 hits, 0 errors, 0 left on base; Dunedin 4 - Tampa 4 |
TOP OF THE 11TH |
Dunedin Rangers batting - Pitching for Tampa Twisters : RHP Dave Harman
|
Now at SS: Terry Strickland
|
|
Batting: RHB Glenn Wilson
|
0-0: Ball 1-0: Ball 2-0: Called Strike 2-1: Called Strike 2-2: Ball 3-2: Ground out U3 (Groundball, 3, EV 102.5 MPH)
|
Batting: LHB Ty Van Burkleo
|
0-0: Called Strike 0-1: Ball 1-1: Ball 2-1: Swinging Strike 2-2: Ball 3-2: Strikes out looking
|
Batting: RHB John Gibbons
|
0-0: Called Strike 0-1: Ball 1-1: Ball 2-1: Fly out, F7 (Flyball, 7LM, EV 73.1 MPH)
|
Top of the 11th over - 0 runs, 0 hits, 0 errors, 0 left on base; Dunedin 4 - Tampa 4 |
BOTTOM OF THE 11TH |
Tampa Twisters batting - Pitching for Dunedin Rangers : RHP Juan Gonzalez
|
Batting: RHB Jim Olander
|
0-0: Ball 1-0: Ball 2-0: Ball 3-0: Called Strike 3-1: Base on Balls
|
Batting: LHB Jordan Berge
|
0-0: Called Strike 0-1: Ball 1-1: SINGLE (Line Drive, 6M, EV 103.1 MPH) Jim Olander to second
|
Batting: LHB Jose Tolentino
|
0-0: Ball 1-0: Fly out, F7 (Line Drive, 7, EV 96.9 MPH)
|
Batting: RHB Scott Earl
|
0-0: Ball 1-0: Ball 2-0: Foul Ball, location: 2F 2-1: 3-RUN HOME RUN (Flyball, 7D, EV 91.9 MPH), Distance : 365 ft
|
Bottom of the 11th over - 3 runs, 2 hits, 0 errors, 0 left on base; Dunedin 4 - Tampa 7 |
|